AoeStats
← tmonteiro

Arena

508087729Analyzed
3v3 RM · 11d ago on Sep 20, 2026· 55m 47s· 6 players
Game mode
Random Map
Map size
Normal (6 player)
Population
200
Speed
Normal
Resources
Standard
Victory
Conquest
Starting age
Dark Age
Ending age
Imperial Age
RankedLock teamsTeams togetherTeam positionsShared explorationLock speedFull tech treeHidden civsTurbo modeCheats
Victory
Defeat
🇺🇸 Aztecs · United States
1264
+15
🇺🇸 Bohemians · United States
1238
+16
🇺🇸 Celts · United States
1060
+23
🇵🇹 Malay · Portugal
1341
-22
🇵🇹 Japanese · Portugal
1197
-26
🇵🇹 Britons · Portugal
1156
-15
josephharlan
10:35 Feudal Age
14:24 Castle Age
12:38 Double-Bit Axe
13:16 Horse Collar
17:31 Bow Saw
18:17 Wheelbarrow
19:48 Heavy Plow
22:12 Hand Cart
22:30 Fervor
22:42 Sanctity
22:35 Gold Mining
23:17 Loom
23:17 Town Watch
24:22 Gold Shaft Mining
23:37 Stone Mining
25:41 Redemption
33:43 Imperial Age
30:51 Eagle Warrior
31:16 Arson
31:32 Squires
31:34 Scale Mail Armor
31:45 Forging
32:54 Chain Mail Armor
33:15 Atlatl
34:11 Iron Casting
34:30 Stone Shaft Mining
33:47 Elite Eagle Warrior
35:12 Block Printing
35:55 Plate Mail Armor
36:26 Blast Furnace
36:34 Garland Wars
36:35 Conscription
36:48 Elite Jaguar Warrior
37:23 Fletching
37:33 Padded Archer Armor
45:10 Atlatl
44:37 Elite Skirmisher
45:49 Illumination
45:59 Theocracy
55:48 Bodkin Arrow
56:08 Leather Archer Armor
buh
11:56 Feudal Age
13:16 Double-Bit Axe
16:18 Castle Age
15:11 Horse Collar
15:39 Fletching
17:59 Bow Saw
17:47 Crossbowman
23:31 Bodkin Arrow
27:25 Wheelbarrow
28:14 Chemistry
31:56 Imperial Age
29:47 Fervor
29:09 Elite Skirmisher
29:53 Padded Archer Armor
31:21 Leather Archer Armor
32:59 Bracer
34:03 Siege Engineers
36:51 Hand Cart
36:23 Loom
39:22 Ring Archer Armor
40:07 Hand Cart
44:30 Two-Man Saw
44:57 Ballistics
47:28 Houfnice
49:41 Conscription
50:44 Wagenburg Tactics
kenstu4
10:21 Feudal Age
15:03 Castle Age
13:37 Double-Bit Axe
16:04 Bow Saw
16:12 Loom
16:22 Gold Mining
20:05 Horse Collar
20:28 Horse Collar
27:35 Stone Mining
32:31 Imperial Age
30:41 Wheelbarrow
31:53 Scale Mail Armor
32:03 Forging
33:06 Hand Cart
33:36 Furor Celtica
34:28 Conscription
34:41 Heavy Plow
35:07 Chain Mail Armor
35:31 Iron Casting
35:02 Scale Barding Armor
37:03 Chemistry
36:09 Siege Engineers
36:37 Light Cavalry
38:52 Blast Furnace
37:42 Fletching
37:30 Hussar
38:10 Husbandry
39:01 Onager
43:16 Capped Ram
44:46 Chain Barding Armor
44:50 Siege Ram
53:38 Siege Onager
55:27 Town Watch
KardeiRa !
11:24 Feudal Age
15:16 Castle Age
14:21 Double-Bit Axe
15:33 Bow Saw
16:48 Horse Collar
19:27 Town Watch
23:37 Heavy Plow
24:17 Wheelbarrow
23:58 Gold Mining
24:00 Stone Mining
29:30 Imperial Age
26:56 Fletching
26:29 Crossbowman
27:34 Padded Archer Armor
27:50 Loom
28:20 Hand Cart
28:07 Bodkin Arrow
28:19 Thumb Ring
29:17 Leather Archer Armor
30:39 Chemistry
30:13 Arbalester
30:58 Bracer
32:47 Ballistics
33:46 Siege Engineers
36:27 Elite Karambit Warrior
37:19 Forging
37:32 Conscription
37:40 Murder Holes
38:16 Forced Levy
39:20 Iron Casting
38:35 Man-at-Arms
39:15 Squires
39:03 Arson
39:17 Long Swordsman
39:52 Two-Handed Swordsman
43:14 Blast Furnace
Pyeka
10:49 Feudal Age
12:43 Loom
15:03 Castle Age
16:36 Double-Bit Axe
19:31 Horse Collar
24:21 Wheelbarrow
23:58 Bow Saw
27:09 Padded Archer Armor
32:20 Imperial Age
31:06 Hand Cart
32:34 Heavy Plow
33:15 Fletching
35:10 Conscription
36:30 Bodkin Arrow
39:43 Bracer
39:26 Elite Longbowman
41:41 Leather Archer Armor
44:10 Ballistics
47:17 Scale Barding Armor
47:14 Scale Mail Armor
47:25 Forging
48:47 Chemistry
47:17 Pikeman
47:58 Squires
48:14 Halberdier
49:17 Chain Mail Armor
49:38 Iron Casting
51:24 Plate Mail Armor
tmonteiro
5:03 Loom
9:29 Feudal Age
10:14 Double-Bit Axe
15:20 Horse Collar
16:45 Arson
16:37 Man-at-Arms
20:45 Castle Age
19:05 Gold Mining
22:42 Crossbowman
27:07 Wheelbarrow
26:18 Town Watch
29:22 Hand Cart
33:16 Imperial Age
33:26 Forging
33:06 Fletching
33:34 Scale Mail Armor
33:51 Bow Saw
34:10 Heavy Plow
35:07 Treadmill Crane
35:24 Murder Holes
35:40 Masonry
36:18 Conscription
36:15 Stone Mining
37:01 Gold Shaft Mining
37:02 Ballistics
38:21 Iron Casting
38:02 Chain Mail Armor
38:19 Town Patrol
38:21 Elite Samurai
41:52 Blast Furnace
41:23 Plate Mail Armor
40:50 Bodkin Arrow
42:35 Chemistry
41:03 Arbalester
42:54 Squires
44:31 Hoardings
44:31 Thumb Ring
46:18 Two-Man Saw
45:27 Bracer
48:50 Arson
50:23 Gambesons
51:07 Yasama
52:53 Pikeman
54:59 Scale Barding Armor
56:17 Husbandry
Connection lost

Rejoining the realm…

Still unreachable

The connection could not be restored.

Session expired

The server has moved on; the page needs a fresh start.